Map: Orbital Shipyard

Players

FireCake - Winner!

  • Race: Zerg Zerg
  • League: Master

Bomber

  • Race: Terran Terran

Event: DreamHack ROCCAT LotV Championship

VOD

Have the link to the VOD?

Description

Time

  • Played on: Nov. 26, 2015, 1:09 p.m.
  • Length: 6:11

All games in this series

Show
View Real Time Build Order
Export as new Build Order

FireCake Zerg - Winner!

Build Orders: Pool First, Roach Nydus 

Get SALT Encoding   

  12  0:00  Drone  
  13  0:08  Drone  
  14  0:17  Overlord  
  14  0:22  Extractor  
  14  0:23  Drone  
  15  0:35  Drone x2  
  17  0:44  Spawning Pool  
  17  0:47  Drone  
  17  1:07  Hatchery  
  17  1:10  Drone  
  17  1:12  Extractor  
  17  1:15  Drone  
  17  1:18  Drone  
  18  1:30  Queen  
  18  1:32  Zergling x2  
  21  1:37  Drone  
  22  1:48  Overlord  
  22  2:06  Drone, Queen  
  25  2:13  Metabolic Boost  
  25  2:22  Queen  
  27  2:23  Zergling x6  
  30  2:32  Overlord  
  30  2:35  Zergling x2  
  31  2:45  Queen  
  31  2:47  Drone  
  31  2:48  Drone  
  35  2:59  Zergling x8  
  39  3:09  Overlord  
  39  3:10  Drone  
  40  3:16  Drone x3  
  40  3:17  Drone  
  44  3:24  Overlord  
  44  3:34  Drone  
  44  3:35  Drone x3  
  48  3:46  Drone x6  
  53  3:51  Extractor  
  53  3:52  Extractor  
  53  3:55  Lair  
  51  4:01  Zergling x8  
  55  4:09  Roach Warren  
  53  4:14  Zergling x6  
  56  4:22  Queen  
  58  4:25  Zergling x4  
  58  4:27  Overlord  
  57  4:46  Overlord  
  57  4:47  Overlord  
  57  4:57  Roach x5  
  57  4:59  Nydus Network  
  66  5:07  Roach x4  
  69  5:21  Roach x2  
  69  5:22  Roach  
  69  5:23  Overseer  
  69  5:25  Overlord  
  75  5:49  Nydus Canal  
Show
View Real Time Build Order
Export as new Build Order

Bomber Terran 

Build Orders:  

Get SALT Encoding   

  12  0:00  SCV  
  13  0:13  SCV  
  14  0:17  Supply Depot  
  14  0:25  SCV  
  15  0:41  SCV  
  16  0:43  Refinery  
  16  0:47  Barracks  
  16  0:53  SCV  
  17  1:04  Barracks  
  17  1:06  SCV  
  18  1:18  SCV  
  19  1:33  Orbital Command  
  19  1:34  Reaper  
  20  1:44  Supply Depot  
  20  1:52  Reaper  
  21  1:59  SCV  
  22  2:06  Reaper  
  23  2:11  SCV  
  24  2:20  Command Center  
  24  2:24  Reaper  
  24  2:26  SCV  
  26  2:35  Supply Depot  
  26  2:38  SCV  
  26  2:40  Reaper  
  28  2:50  SCV  
  29  3:01  Reaper  
  29  3:03  SCV  
  29  3:05  Refinery  
  31  3:06  Barracks  
  31  3:07  Barracks  
  31  3:15  SCV  
  31  3:18  Reaper  
  33  3:27  SCV  
  34  3:34  Orbital Command  
  34  3:35  Reaper  
  34  3:38  Refinery  
  34  3:39  SCV  
  36  3:50  Reaper  
  36  3:51  SCV  
  36  3:54  Reaper  
  39  3:56  Barracks  
  39  3:57  Barracks  
  39  4:02  Reaper  
  40  4:03  SCV x2  
  42  4:12  Reaper  
  42  4:15  SCV  
  42  4:16  SCV  
  45  4:22  Reaper  
  46  4:27  SCV  
  46  4:28  SCV, Reaper  
  49  4:34  Reaper  
  49  4:39  SCV  
  49  4:44  Reaper  
  49  4:45  Command Center, Reaper  
  52  4:46  SCV  
  53  4:53  Supply Depot, Reaper  
  53  4:58  Reaper  
  54  5:09  Reaper  
  54  5:15  SCV x2, Reaper  
  54  5:16  Supply Depot, Reaper, Engineering Bay  
  54  5:17  Refinery  
  58  5:27  SCV x2  
  58  5:28  Supply Depot  
  61  5:32  Barracks Tech Lab x2  
  60  5:39  SCV x2  
  50  5:51  SCV x2  

Tags
 
Add a new tag
Caveats
  • Supply blocks, unpowered buildings, or Contaminate may cause inaccurate times.
  • Supply counts are checked every 10 seconds.